 Dungeon Crawl Stone Soup version 0.29.1-2-gbd0b4ee654 (webtiles) character file.

Game seed: 8190555292982235512

25 xraymikek the Sneak (level 2, -1/13 HPs)
             Began as a Spriggan Enchanter on Nov 22, 2022.
             Was a Follower of Elyvilon.
             Slain by a goblin
             ... wielding a +0 club
             ... led by Robin
              (5 damage)
             ... on level 2 of the Dungeon.
             The game lasted 00:06:12 (1735 turns).

xraymikek the Sneak (Spriggan Enchanter)            Turns: 1735, Time: 00:06:13

Health: -1/13      AC:  2    Str:  4    XL:     2   Next: 82%
Magic:  1/6        EV: 18    Int: 16    God:    Elyvilon [*.....]
Gold:   82         SH:  0    Dex: 15    Spells: 3/6 levels left

rFire   . . .      SeeInvis +   d - +1 dagger
rCold   . . .      Faith    .   (no shield)
rNeg    . . .      Spirit   .   b - +0 robe
rPois   .          Reflect  .   (helmet restricted)
rElec   .          Harm     .   (no cloak)
rCorr   .          Rampage  .   (gloves unavailable)
Will    .....                   (boots unavailable)
Stlth   +++.......              (no amulet)
HPRegen 0.04/turn               (no ring)
MPRegen 0.10/turn               (no ring)

@: very quick
A: very small, no large weapons, unfitting armour, see invisible, speed 3
a: Renounce Religion, Purification


You were on level 2 of the Dungeon.
You worshipped Elyvilon.
Elyvilon was aware of your devotion.
You visited 1 branch of the dungeon, and saw 2 of its levels.

You collected 82 gold pieces.

Inventory:

Hand Weapons
 d - a +1 dagger (weapon)
 i - a +2 dagger of speed
Armour
 b - a +0 robe (worn)
Scrolls
 f - a scroll of fear {unknown}
 h - a scroll of summoning {unknown}
Potions
 a - a potion of berserk rage {unknown}
 c - 2 potions of invisibility
 e - 2 potions of attraction {unknown}
 g - 2 potions of lignification {unknown}


   Skills:
 - Level 1.1 Short Blades
 + Level 4.0 Dodging
 - Level 4.6 Stealth
 - Level 2.7 Spellcasting
 - Level 4.0 Hexes


You had 3 spell levels left.
You knew the following spells:

 Your Spells              Type           Power      Damage    Failure   Level
a - Slow                  Hex            60%        N/A       3%          1
b - Ensorcelled Hibernat  Hex/Ice        16%        N/A       13%         2

Your spell library contained the following spells:

 Spells                   Type           Power      Damage    Failure   Level
 Confusing Touch          Hex            15%        N/A       11%         3
 Tukima's Dance           Hex            15%        N/A       11%         3
 Necrotise                Necr           8%         1d4       19%         1
 Dazzling Flash           Conj/Hex       16%        N/A       26%         3
 Vampiric Draining        Necr           2%         2d6       50%         3
 Agony                    Necr           2%         N/A       99%         5


Dungeon Overview and Level Annotations

Branches:
Dungeon (2/15)

Altars:
Elyvilon

Annotations:
D:2 Robin


Innate Abilities, Weirdness & Mutations

You are very small and have problems with some larger weapons.
You are too small for most types of armour.
You have supernaturally acute eyesight. (SInv)
You cover ground extremely quickly. (Speed+++)


Message History

A hobgoblin comes into view.
Casting: Ensorcelled Hibernation (safe; 13% risk of failure)
Confirm with . or Enter, or press ? or * to list all spells.
Aiming: Slow (safe; 3% risk of failure)
Press: ? - help, Shift-Dir - straight line, f - goblin
Aim: a goblin, wielding a +2 dagger of speed (strong, chance to affect: 71%)
The goblin seems to slow down.
Casting: Slow (safe; 3% risk of failure)
Confirm with . or Enter, or press ? or * to list all spells.
Aiming: Slow (safe; 3% risk of failure)
Press: ? - help, Shift-Dir - straight line, f/p - goblin
Aim: a goblin, wielding a +2 dagger of speed (strong, slow, chance to affect: 71%)
Okay, then.
Unknown command.
Casting: Slow (safe; 3% risk of failure)
Confirm with . or Enter, or press ? or * to list all spells.
Aiming: Ensorcelled Hibernation (safe; 13% risk of failure)
Press: ? - help, Shift-Dir - straight line, f/p - goblin
Aim: a goblin, wielding a +2 dagger of speed (strong, slow, chance to affect: 59%)
The goblin resists with significant effort.
You hit the goblin.
The goblin is moderately wounded.
The goblin hits you with a +2 dagger of speed.
You completely miss the goblin.
The goblin is moderately wounded.
The goblin hits you with a +2 dagger of speed.
Casting: Ensorcelled Hibernation (safe; 13% risk of failure)
Confirm with . or Enter, or press ? or * to list all spells.
Aiming: Ensorcelled Hibernation (safe; 13% risk of failure)
Press: ? - help, Shift-Dir - straight line, f/p - goblin
Aim: a goblin, wielding a +2 dagger of speed (moderately wounded, strong, slow, chance to affect: 59%)
The goblin looks drowsy...
The helpless goblin fails to defend itself.
You impale the goblin!!
You kill the goblin!
The goblin closely misses you.
You see here a +2 dagger of speed.
i - a +2 dagger of speed The goblin hits you with a +0 club.
You die...

#..........##########
#.....<.....#.....).#
#...................#
#...................#
#..........<........#
#...................#
.......................#
.##............#.......#
##..........##@#######
#..........##g#
...........#gg#
............#g## #g# #g#
.......g..gggS.
........###ggg$
.......## ..


You could see Robin, 4 hobgoblins and 2 goblins.

Vanquished Creatures
  A dart slug (D:2)
  A ball python (D:1)
  3 bats
  2 endoplasms (D:1)
  A giant cockroach (D:1)
  3 goblins
  2 hobgoblins (D:1)
  4 kobolds (D:1)
  A quokka (D:1)
  2 rats (D:1)
20 creatures vanquished.

Notes
Turn   | Place    | Note
-------+----------+-------------------------------------------
     0 | D:1      | xraymikek the Spriggan Enchanter began the quest for the
                  | Orb.
     0 | D:1      | Reached XP level 1. HP: 9/9 MP: 5/5
   259 | D:1      | Learned a level 1 spell: Slow
   323 | D:1      | Reached XP level 2. HP: 10/13 MP: 6/6
   780 | D:1      | Found a faded altar of an unknown god.
   853 | D:1      | Prayed at the altar of an unknown god.
   853 | D:1      | Became a worshipper of Elyvilon the Healer
   853 | D:1      | Reached * piety under Elyvilon
  1123 | D:1      | Learned a level 2 spell: Ensorcelled Hibernation
  1717 | D:2      | Noticed Robin
  1735 | D:2      | Slain by a goblin

Illustrated notes

Levels and vault maps discovered:
D:1:      heliophobic_arrival_battle_scene, layout_basic,
          basic_ecumenical_altar, chequers_serial_rivers_micro_b,
          serial_park_tiny_2, dk_noncrumbling_2, chequers_serial_rivers_small_b
D:2:      layout_rooms, basic_altar, serial_shops, shop,
          uniq_crazy_yiuf_cottage, uniq_robin

Skill      XL: |  1  2 |
---------------+-------+-----
Hexes          | 4 |  4.0
Dodging        | 3 4 |  4.0
Short Blades   | |  1.1
Stealth        | |  4.6
Spellcasting   | |  2.7

Action                   || total
-------------------------++-------
Melee: Dagger            ||    30
       Short sword       ||    30
 Cast: Slow              ||     6
       Ensorcelled Hiber ||     4
 Stab: Sleeping          ||    10
Armor: Robe              ||     3
Dodge: Dodged            ||    36
